NCAA
OHIO STATE BUCKEYES @ LOUISVILLE CARDINALS
04/09/2024
 
TOP OF THE 1ST
Ohio State Buckeyes batting - Pitching for Louisville Cardinals : RHP Ralph Dukes
Pitching: RHP Ralph Dukes
Batting: SHB Thomas Simmons 0-0: Foul Ball, location: 2F
0-1: Ball
1-1: Ball
2-1: Foul Ball, location: 2F
2-2: Ball
3-2: Base on Balls
Batting: RHB Gabriel Soto 0-0: Called Strike
0-1: Ball
1-1: Called Strike
1-2: Ball
2-2: Ball
3-2: Foul Ball, location: 2F
3-2: Base on Balls
Thomas Simmons to second
Batting: RHB Júlio Morales 0-0: Called Strike
Thomas Simmons steals 3rd base
Gabriel Soto to second
0-1: Ball
1-1: Called Strike
1-2: SINGLE (Groundball, 56D)
Thomas Simmons scores
Gabriel Soto to third
Batting: LHB Frank García 0-0: Called Strike
0-1: Foul Ball, location: 2F
0-2: Fly out, F8 (Flyball, 8LS)
Batting: SHB Devin Smith 0-0: Fly out, F7 (Flyball, 7S)
Batting: LHB Joel Nelson 0-0: Foul Ball, location: 2F
0-1: Fly out, F9 (Flyball, 89M)
Top of the 1st over - 1 run(s), 1 hit(s), 0 error(s), 2 left on base; Ohio State 1 - Louisville 0
BOTTOM OF THE 1ST
Louisville Cardinals batting - Pitching for Ohio State Buckeyes : RHP Homer Carr
Pitching: RHP Homer Carr
Batting: RHB Bobby Booker 0-0: Ground out U3 (Groundball, 3S)
Batting: RHB Clark Greer 0-0: Ball
1-0: Ball
2-0: Ball
3-0: Called Strike
3-1: Fly out, F9 (Flyball, 9S)
Batting: LHB Donovan Myers 0-0: Ball
1-0: Foul Ball, location: 2F
1-1: Ground out U3 (Groundball, 3S)
Bottom of the 1st over - 0 run(s), 0 hit(s), 0 error(s), 0 left on base; Ohio State 1 - Louisville 0
TOP OF THE 2ND
Ohio State Buckeyes batting - Pitching for Louisville Cardinals : RHP Ralph Dukes
Batting: RHB Santiago Gutiérrez 0-0: Foul Ball, location: 2F
0-1: Called Strike
0-2: Strikes out swinging
Batting: RHB Will Anderson 0-0: Foul Ball, location: 2F
0-1: Called Strike
0-2: Ball
1-2: Foul Ball, location: 2F
1-2: Ball
2-2: Strikes out swinging
Batting: SHB Bill House 0-0: Ball
1-0: Fly out, F8 (Flyball, 78M)
Top of the 2nd over - 0 run(s), 0 hit(s), 0 error(s), 0 left on base; Ohio State 1 - Louisville 0
BOTTOM OF THE 2ND
Louisville Cardinals batting - Pitching for Ohio State Buckeyes : RHP Homer Carr
Batting: LHB António Camacho 0-0: Called Strike
0-1: Fly out, F8 (Flyball, 8RM)
Batting: RHB Michael Jones 0-0: Called Strike
0-1: Fly out, F8 (Flyball, 8LM)
Batting: LHB Evan Díaz 0-0: Ball
1-0: Ball
2-0: Foul Ball, location: 2F
2-1: Foul Ball, location: 2F
2-2: Foul Ball, location: 2F
2-2: Foul Ball, location: 2F
2-2: Ball
3-2: Base on Balls
Batting: RHB José González 0-0: Called Strike
0-1: Called Strike
0-2: Ball
1-2: Strikes out swinging
Bottom of the 2nd over - 0 run(s), 0 hit(s), 0 error(s), 1 left on base; Ohio State 1 - Louisville 0
TOP OF THE 3RD
Ohio State Buckeyes batting - Pitching for Louisville Cardinals : RHP Ralph Dukes
Batting: SHB Thomas Simmons 0-0: Called Strike
0-1: Ball
1-1: Foul Ball, location: 2F
1-2: SINGLE (Groundball, 4M)
Batting: RHB Gabriel Soto 0-0: Ball
1-0: Swinging Strike
1-1: Ball
2-1: Foul Ball, location: 2F
2-2: Ball
3-2: Strikes out looking
Batting: RHB Júlio Morales 0-0: Ball
1-0: Swinging Strike
1-1: Foul Ball, location: 2F
1-2: Foul Ball, location: 2F
1-2: Ground out 5-3 (Groundball, 56S)
Thomas Simmons to second
Batting: LHB Frank García 0-0: Ball
1-0: Foul Ball, location: 2F
1-1: Ball
2-1: Foul Ball, location: 2F
2-2: Strikes out swinging
Top of the 3rd over - 0 run(s), 1 hit(s), 0 error(s), 1 left on base; Ohio State 1 - Louisville 0
BOTTOM OF THE 3RD
Louisville Cardinals batting - Pitching for Ohio State Buckeyes : RHP Homer Carr
Batting: RHB Billy Noble 0-0: Foul Ball, location: 2F
0-1: Ball
1-1: Swinging Strike
1-2: Ball
2-2: Strikes out swinging
Batting: RHB Doug Burke 0-0: Ball
1-0: Called Strike
1-1: Ball
2-1: Ball
3-1: Base on Balls
Batting: RHB Bobby Booker 0-0: Ball
1-0: Foul Ball, location: 2F
1-1: Ball
2-1: Ball
3-1: Called Strike
3-2: Base on Balls
Doug Burke to second
Batting: RHB Clark Greer 0-0: Called Strike
0-1: Ball
1-1: Ball
2-1: SINGLE (Groundball, 6MD)
Doug Burke to third
Bobby Booker to second
Runner from 3rd tries for Home, SAFE, throw made home
Bobby Booker to third
Clark Greer to second
Batting: LHB Donovan Myers 0-0: Reached on Error, E8 (Flyball, 8LM)
Bobby Booker scores
Clark Greer to third
Batting: LHB António Camacho 0-0: Called Strike
0-1: Swinging Strike
0-2: Foul Ball, location: 2F
0-2: Strikes out swinging
Batting: RHB Michael Jones 0-0: Foul Ball, location: 2F
0-1: Ball
1-1: Ball
2-1: Foul Ball, location: 2F
2-2: Ball
3-2: Strikes out swinging
Bottom of the 3rd over - 2 run(s), 1 hit(s), 1 error(s), 2 left on base; Ohio State 1 - Louisville 2
TOP OF THE 4TH
Ohio State Buckeyes batting - Pitching for Louisville Cardinals : RHP Ralph Dukes
Batting: SHB Devin Smith 0-0: Ball
1-0: Ball
2-0: Ball
3-0: Called Strike
3-1: Base on Balls
Batting: LHB Joel Nelson 0-0: Foul Ball, location: 2F
0-1: Foul Ball, location: 2F
0-2: Ball
1-2: Ball
2-2: Strikes out swinging
Batting: RHB Santiago Gutiérrez 0-0: Called Strike
0-1: SINGLE (Line Drive, 6MD)
Devin Smith to second
Batting: RHB Will Anderson 0-0: Ball
1-0: Grounds into double play, 5-4-3 (Groundball, 56)
Top of the 4th over - 0 run(s), 1 hit(s), 0 error(s), 1 left on base; Ohio State 1 - Louisville 2
BOTTOM OF THE 4TH
Louisville Cardinals batting - Pitching for Ohio State Buckeyes : RHP Homer Carr
Batting: LHB Evan Díaz 0-0: Ball
1-0: Ball
2-0: Called Strike
2-1: Ball
3-1: Base on Balls
Batting: RHB José González 0-0: Called Strike
0-1: Foul Ball, location: 2F
0-2: Ball
1-2: SINGLE (Line Drive, 4M)
Evan Díaz to second
Batting: RHB Billy Noble 0-0: Called Strike
0-1: Ball
1-1: Ball
2-1: Ball
3-1: Foul Ball, location: 2F
3-2: Foul Ball, location: 2F
3-2: Foul Ball, location: 2F
3-2: Foul Ball, location: 2F
3-2: Base on Balls
Evan Díaz to third
José González to second
Batting: RHB Doug Burke 0-0: Ball
1-0: Ball
2-0: Swinging Strike
2-1: Fly out, F7 (Flyball, 78M)
Runner from 3rd tags up, SCORES, throw made
Batting: RHB Bobby Booker 0-0: Foul Ball, location: 2F
0-1: Ball
1-1: Ball
2-1: Ground out 4-3 (Groundball, 13)
José González to third
Billy Noble to second
Pitching: LHP António Bruno
Batting: RHB Clark Greer 0-0: Ball
1-0: Called Strike
1-1: Called Strike
1-2: Foul Ball, location: 2F
1-2: Strikes out swinging
Bottom of the 4th over - 1 run(s), 1 hit(s), 0 error(s), 2 left on base; Ohio State 1 - Louisville 3
TOP OF THE 5TH
Ohio State Buckeyes batting - Pitching for Louisville Cardinals : RHP Ralph Dukes
Batting: SHB Bill House 0-0: Ball
1-0: SINGLE (Groundball, 5D)
Batting: SHB Thomas Simmons 0-0: Ball
1-0: Ball
2-0: Ball
3-0: Base on Balls
Bill House to second
Batting: RHB Gabriel Soto 0-0: Ball
1-0: Called Strike
1-1: Ball
2-1: Ball
3-1: Swinging Strike
3-2: Foul Ball, location: 2F
3-2: Base on Balls
Bill House to third
Thomas Simmons to second
Pitching: LHP Don Morgan
Batting: RHB Júlio Morales 0-0: Ball
1-0: Ball
2-0: Foul Ball, location: 2F
2-1: Ball
3-1: Foul Ball, location: 2F
3-2: SINGLE (Line Drive, 7LM)
Bill House scores
Thomas Simmons to third
Gabriel Soto to second
Runner from 3rd tries for Home, SAFE, no throw or cutoff
Batting: LHB Frank García 0-0: Fly out, F6 (Line Drive, 6)
Batting: SHB Devin Smith 0-0: Called Strike
0-1: Ball
1-1: Ball
2-1: Ball
3-1: Base on Balls
Gabriel Soto to third
Júlio Morales to second
Batting: LHB Joel Nelson 0-0: Ball
1-0: Ball
2-0: Called Strike
2-1: Foul Ball, location: 2F
2-2: GRAND SLAM HOME RUN (Line Drive, 9D), Distance : 370 ft
Batting: RHB Santiago Gutiérrez 0-0: Called Strike
0-1: Ball
1-1: Ball
2-1: Foul Ball, location: 2F
2-2: Strikes out looking
Batting: RHB Will Anderson 0-0: Foul Ball, location: 2F
0-1: Ball
1-1: SINGLE (Groundball, 6D)
Batting: SHB Bill House 0-0: Ball
1-0: Fly out, F8 (Flyball, 8LXD)
Top of the 5th over - 6 run(s), 4 hit(s), 0 error(s), 1 left on base; Ohio State 7 - Louisville 3
BOTTOM OF THE 5TH
Louisville Cardinals batting - Pitching for Ohio State Buckeyes : LHP António Bruno
Batting: LHB Donovan Myers Reached via error on a dropped throw, E3
Batting: LHB António Camacho 0-0: Foul Ball, location: 2F
0-1: Hit by Pitch
Donovan Myers to second
Batting: RHB Michael Jones 0-0: Ball
1-0: Foul Ball, location: 2F
1-1: Ball
2-1: Foul Ball, location: 2F
2-2: Strikes out swinging
Batting: LHB Evan Díaz 0-0: Called Strike
0-1: Grounds into double play, 4-6-3 (Groundball, 4)
Bottom of the 5th over - 0 run(s), 0 hit(s), 1 error(s), 1 left on base; Ohio State 7 - Louisville 3
TOP OF THE 6TH
Ohio State Buckeyes batting - Pitching for Louisville Cardinals : LHP Don Morgan
Batting: SHB Thomas Simmons 0-0: Foul Ball, location: 2F
0-1: Swinging Strike
0-2: Strikes out swinging
Batting: RHB Gabriel Soto 0-0: Called Strike
0-1: Foul Ball, location: 2F
0-2: Hit by Pitch
Batting: RHB Júlio Morales 0-0: Called Strike
0-1: Swinging Strike
0-2: SINGLE (Groundball, 13) (infield hit)
Gabriel Soto to second
Batting: LHB Frank García 0-0: Ball
1-0: Ball
2-0: Ball
3-0: Called Strike
3-1: Called Strike
3-2: Strikes out swinging
Pitching: LHP Frank Campbell
Batting: SHB Devin Smith 0-0: Swinging Strike
0-1: Swinging Strike
0-2: Ball
1-2: Ball
2-2: Ball
3-2: DOUBLE (Groundball, 3D)
Gabriel Soto scores
Júlio Morales to third
Júlio Morales scores
Batting: LHB Joel Nelson 0-0: Fly out, F7 (Flyball, 78M)
Top of the 6th over - 2 run(s), 2 hit(s), 0 error(s), 1 left on base; Ohio State 9 - Louisville 3
BOTTOM OF THE 6TH
Louisville Cardinals batting - Pitching for Ohio State Buckeyes : LHP António Bruno
Batting: RHB José González 0-0: Swinging Strike
0-1: Ball
1-1: Swinging Strike
1-2: Ball
2-2: Strikes out swinging
Batting: RHB Billy Noble 0-0: Ball
1-0: Ball
2-0: Ball
3-0: Called Strike
3-1: Fly out, F2 (Popup, 2RF)
Batting: RHB Doug Burke 0-0: Ball
1-0: Ball
2-0: Called Strike
2-1: Fly out, F6 (Popup, 6MD)
Bottom of the 6th over - 0 run(s), 0 hit(s), 0 error(s), 0 left on base; Ohio State 9 - Louisville 3
TOP OF THE 7TH
Ohio State Buckeyes batting - Pitching for Louisville Cardinals : LHP Frank Campbell
Batting: RHB Santiago Gutiérrez 0-0: Ball
1-0: Ball
2-0: Ball
3-0: Base on Balls
Batting: RHB Will Anderson 0-0: Ball
1-0: Bunted foul
1-1: Sac Bunt - play at first, batter OUT! 1-4
Santiago Gutiérrez to second
Batting: SHB Bill House 0-0: Called Strike
0-1: Swinging Strike
0-2: Foul Ball, location: 2F
0-2: Strikes out looking
Batting: SHB Thomas Simmons 0-0: Ball
1-0: Foul Ball, location: 2F
1-1: Foul Ball, location: 2F
1-2: Fly out, F9 (Flyball, 9LM)
Top of the 7th over - 0 run(s), 0 hit(s), 0 error(s), 1 left on base; Ohio State 9 - Louisville 3
BOTTOM OF THE 7TH
Louisville Cardinals batting - Pitching for Ohio State Buckeyes : LHP António Bruno
Pitching: LHP Howard Mack
Batting: RHB Bobby Booker 0-0: Called Strike
0-1: Swinging Strike
0-2: Strikes out swinging
Batting: RHB Clark Greer 0-0: Ball
1-0: Called Strike
1-1: Swinging Strike
1-2: Foul Ball, location: 2F
1-2: Strikes out looking
Batting: LHB Donovan Myers 0-0: Swinging Strike
0-1: Ball
1-1: Ball
2-1: Fly out, F4 (Line Drive, 4MD)
Bottom of the 7th over - 0 run(s), 0 hit(s), 0 error(s), 0 left on base; Ohio State 9 - Louisville 3
TOP OF THE 8TH
Ohio State Buckeyes batting - Pitching for Louisville Cardinals : LHP Frank Campbell
Batting: RHB Gabriel Soto 0-0: Ball
1-0: Ball
2-0: Ball
3-0: Base on Balls
Batting: RHB Júlio Morales 0-0: Ball
1-0: Ball
2-0: Grounds into double play, 6-4-3 (Groundball, 6)
Batting: LHB Frank García 0-0: Ball
1-0: Called Strike
1-1: Foul Ball, location: 2F
1-2: Strikes out looking
Top of the 8th over - 0 run(s), 0 hit(s), 0 error(s), 0 left on base; Ohio State 9 - Louisville 3
BOTTOM OF THE 8TH
Louisville Cardinals batting - Pitching for Ohio State Buckeyes : LHP Howard Mack
Now at C: John Robertson
Batting: LHB António Camacho 0-0: Fly out, F9 (Flyball, 9S)
Batting: RHB Michael Jones 0-0: Ball
1-0: Foul Ball, location: 2F
1-1: Ground out 4-3 (Groundball, 4)
Batting: LHB Evan Díaz 0-0: Ball
1-0: Ball
2-0: Ball
3-0: Called Strike
3-1: Base on Balls
Batting: RHB José González 0-0: SINGLE (Line Drive, 8RS)
Evan Díaz to second
Batting: RHB Billy Noble 0-0: Ball
1-0: Foul Ball, location: 2F
1-1: SINGLE (Line Drive, 56)
Evan Díaz to third
José González to second
Runner from 3rd tries for Home, SAFE, no throw or cutoff
Batting: RHB Doug Burke 0-0: Called Strike
0-1: SINGLE (Groundball, 4MD)
José González to third
Billy Noble to second
Runner from 3rd tries for Home, SAFE, no throw or cutoff
Pitching: RHP Bartolo Villarreal
Batting: RHB Bobby Booker 0-0: Called Strike
0-1: Foul Ball, location: 2F
0-2: SINGLE (Flyball, 9LS)
Billy Noble to third
Doug Burke to second
Runner from 3rd tries for Home, SAFE, no throw or cutoff
Batting: RHB Clark Greer 0-0: SINGLE (Flyball, 78S)
Doug Burke to third
Bobby Booker to second
Runner from 3rd tries for Home, SAFE, no throw or cutoff
Pitching: LHP Dirk McGee
Batting: LHB Donovan Myers 0-0: Ball
1-0: Called Strike
1-1: Foul Ball, location: 2F
1-2: Ball
2-2: Fielders Choice at 2nd, U4 (Groundball, 4M)
Bottom of the 8th over - 4 run(s), 5 hit(s), 0 error(s), 2 left on base; Ohio State 9 - Louisville 7
TOP OF THE 9TH
Ohio State Buckeyes batting - Pitching for Louisville Cardinals : LHP Frank Campbell
Batting: SHB Devin Smith 0-0: Ball
1-0: Foul Ball, location: 2F
1-1: Ball
2-1: DOUBLE (Line Drive, 7LM)
Batting: LHB Joel Nelson 0-0: Ball
1-0: Ball
2-0: Foul Ball, location: 2F
2-1: Ball
3-1: Base on Balls
Pitching: RHP Ted Stuart
Batting: RHB Santiago Gutiérrez 0-0: Sac Bunt - play at first, batter OUT! 3-4
Devin Smith to third
Joel Nelson to second
Batting: RHB Will Anderson 0-0: Intentional Walk
Batting: SHB Bill House 0-0: Ball
1-0: Foul Ball, location: 2F
1-1: DOUBLE (Line Drive, 89M)
Devin Smith scores
Joel Nelson scores
Will Anderson to third
Runner from 3rd tries for Home, SAFE, no throw or cutoff
Batting: SHB Thomas Simmons 0-0: Ground out 4-3 (Groundball, 4)
Bill House to third
Batting: RHB Gabriel Soto 0-0: Ground out 4-3 (Groundball, 34)
Top of the 9th over - 3 run(s), 2 hit(s), 0 error(s), 1 left on base; Ohio State 12 - Louisville 7
BOTTOM OF THE 9TH
Louisville Cardinals batting - Pitching for Ohio State Buckeyes : LHP Dirk McGee
Batting: LHB António Camacho 0-0: Ball
1-0: Ball
2-0: Ball
3-0: Called Strike
3-1: Called Strike
3-2: Foul Ball, location: 2F
3-2: Ground out 5-3 (Groundball, 56S)
Batting: RHB Michael Jones 0-0: Ball
1-0: Ball
2-0: Swinging Strike
2-1: Ball
3-1: Base on Balls
Batting: LHB Evan Díaz 0-0: Ball
1-0: Ball
2-0: Ball
3-0: Called Strike
3-1: Base on Balls
Michael Jones to second
Batting: RHB José González 0-0: Foul Ball, location: 2F
0-1: Ball
1-1: Foul Ball, location: 2F
1-2: Foul Ball, location: 2F
1-2: Strikes out looking
Batting: RHB Billy Noble 0-0: Called Strike
0-1: Called Strike
0-2: Ball
1-2: Ball
2-2: Foul Ball, location: 2F
2-2: Fly out, F8 (Flyball, 8RM)
Bottom of the 9th over - 0 run(s), 0 hit(s), 0 error(s), 2 left on base; Ohio State 12 - Louisville 7
This league is powered by Out of the Park Baseball, the baseball management simulation game for PC, Mac and Linux
Saturday, April 9th, 2016 - OOTP Baseball 16.8 Build 38